 Dungeon Crawl Stone Soup version 0.21.1-1-g345015f (webtiles) character file.

5405 OzoneGrif the Magician (level 10, -6/79 HPs)
             Began as a Gnoll Skald on Apr 5, 2018.
             Was a Follower of Dithmenos.
             Mangled by an ogre
             ... wielding a +0 giant club
              (22 damage)
             ... on level 7 of the Dungeon.
             The game lasted 01:40:24 (7262 turns).

OzoneGrif the Magician (Gnoll Skald)                Turns: 7262, Time: 01:40:25

Health: -6/79      AC: 19    Str: 17    XL:     10   Next: 67%
Magic:  13/21      EV: 16    Int: 15    God:    Dithmenos [*.....]
Gold:   344        SH:  5    Dex: 15    Spells: 13/23 levels left

rFire    . . .     SeeInvis .   A - +3 flail (protect)
rCold    . . .     Gourm    .   F - +0 buckler
rNeg     . . .     Faith    .   B - +2 leather armour {rPois}
rPois    +         Spirit   .   u - +0 helmet
rElec    .         Reflect  .   (no cloak)
rCorr    .         Harm     .   (no gloves)
MR       .....                  p - +0 pair of boots
Stlth    +++.......             (no amulet)
HPRegen  0.23/turn              k - +4 ring of protection
MPRegen  0.17/turn              r - ring of flight (curse)

@: protection aura, wreathed by umbra
A: distributed training, fangs 1, strong nose
a: Renounce Religion, Evoke Flight


You were on level 7 of the Dungeon.
You worshipped Dithmenos.
Dithmenos was aware of your devotion.
You were hungry.

You visited 2 branches of the dungeon, and saw 12 of its levels.

You collected 344 gold pieces.

Inventory:

Hand Weapons
 A - a +3 flail of protection (weapon)
Missiles
 o - 55 poisoned needles (quivered)
 x - 113 arrows
Armour
 c - a +0 cloak
 p - a +0 pair of boots (worn)
 u - a +0 helmet (worn)
 B - a +2 leather armour of poison resistance (worn)
 F - a +0 buckler (worn)
Jewellery
 k - a +4 ring of protection (left hand)
 r - a cursed ring of flight (right hand)
Wands
 b - a wand of paralysis (8)
 f - a wand of iceblast (12)
 n - a wand of acid (9)
Scrolls
 a - a scroll of identify
 e - 7 scrolls of teleportation
 g - 4 scrolls of remove curse
 i - a scroll of noise
 l - a scroll of magic mapping
 m - a scroll of fog {unknown}
 s - a scroll of blinking {unknown}
 C - a scroll of vulnerability {unknown}
 E - 2 scrolls of enchant armour {unknown}
Potions
 q - a potion of heal wounds
 v - a potion of lignification
 w - a potion of flight {unknown}
 z - 3 potions of curing
 D - a potion of brilliance
 H - a potion of berserk rage {unknown}
Books
 j - a book of Battle

   Spells                             Type                      Level
   a - Infusion                       Charms                       1
   b - Shroud of Golubria             Charms/Translocation         2
   c - Song of Slaying                Charms                       2
   d - Spectral Weapon                Hexes/Charms                 3
   e - Regeneration                   Charms/Necromancy            3
 t - a book of Conjurations

   Spells                             Type                      Level
   a - Magic Dart                     Conjuration                  1
   b - Searing Ray                    Conjuration                  2
   c - Dazzling Spray                 Conjuration/Hexes            3
   d - Fulminant Prism                Conjuration/Hexes            4
   e - Force Lance                    Conjuration/Translocation    4
   f - Iskenderun's Mystic Blast      Conjuration                  4
 y - a book of Changes

   Spells                             Type                      Level
   a - Beastly Appendage              Transmutation                1
   b - Sticks to Snakes               Transmutation                2
   c - Spider Form                    Transmutation/Poison         3
   d - Ice Form                       Ice/Transmutation            4
   e - Blade Hands                    Transmutation                5
Miscellaneous
 G - a box of beasts
Comestibles
 d - 10 rations


   Skills:
 + Level 7.1 Fighting
 + Level 5.4 Short Blades
 + Level 5.4 Long Blades
 + Level 5.4 Axes
 + Level 7.1 Maces & Flails
 + Level 5.4 Polearms
 + Level 5.4 Staves
 + Level 5.4 Slings
 + Level 5.4 Bows
 + Level 5.4 Crossbows
 + Level 5.4 Throwing
 + Level 6.0 Armour
 + Level 7.1 Dodging
 + Level 5.4 Stealth
 + Level 5.4 Shields
 + Level 5.4 Unarmed Combat
 + Level 7.4 Spellcasting
 + Level 4.4 Conjurations
 + Level 4.4 Hexes
 + Level 7.1 Charms
 + Level 4.4 Summonings
 + Level 4.4 Necromancy
 + Level 4.4 Translocations
 + Level 4.4 Transmutations
 + Level 4.4 Fire Magic
 + Level 4.4 Ice Magic
 + Level 4.4 Air Magic
 + Level 4.4 Earth Magic
 + Level 4.4 Poison Magic
 + Level 5.9 Invocations
 + Level 5.4 Evocations


You had 13 spell levels left.
You knew the following spells:

 Your Spells              Type           Power        Failure   Level  Hunger
a - Infusion              Chrm           ####         1%          1    None
b - Song of Slaying       Chrm           ####....     1%          2    None
c - Shroud of Golubria    Chrm/Tloc      ###.......   1%          2    None
d - Regeneration          Chrm/Necr      ###.......   4%          3    ##.....
e - Searing Ray           Conj           ###...       3%          2    None


Dungeon Overview and Level Annotations

Branches:
Dungeon (11/15)            Temple (1/1) D:7
   Lair: D:8-11         Orc: D:9-12

Altars:
Ashenzari
Cheibriados
Dithmenos
Fedhas
Gozag
Hepliaklqana
Kikubaaqudgha
Makhleb
Nemelex Xobeh
Okawaru
Qazlal
Ru
Sif Muna
Uskayaw
Vehumet
Wu Jian
Xom
Yredelemnul
Zin
The Shining One

Shops:
D:5 *:   D:8 (

Annotations:
D:6 Terandir's ghost, novice MiFi


Innate Abilities, Weirdness & Mutations

Your experience applies equally to all skills.
You have very sharp teeth.
Your uncanny sense of smell can sniff out nearby items.


Message History

Found a bronze wand.
An ice beast comes into view.
An ogre comes into view. It is wielding a giant club.
The ogre shouts!
You are feeling hungry.
There is a stone staircase leading up here.
The ogre misses you.
You climb upwards.
There is a stone staircase leading down here.
Casting: Shroud of Golubria
Confirm with . or Enter, or press ? or * to list all spells.
Space distorts slightly along a thin shroud covering your body.
You are too injured to fight recklessly!
You are too injured to fight recklessly!
You are too injured to fight recklessly!
You sock the ogre!
Your weapon exudes an aura of protection.
The ogre is moderately wounded.
The ogre hits you with a giant club!!
You die...

.######.###########.## #.# ###
.######.###########.## #.### #
................##...## #...#
#
.######.#######.#.....#####.##
# ...## #.# #..............# #
....# #.# #.#.....#####..# #
##..# #.# ##.#....## #..####
#..# #.# #....#.#######....##
##..###.# #..@.#.....[....#...
........# #..O.####.#.<.......
##..##### ##.#.# #.#..[....##
##...## #.#.# #.#.......#
#...<.## #.#.# ##.#.......#
.......## #.#.###..........#
..).....# #.#..<..#........#
.......## #.##.............#
......## #.#......#)#######


You could see an ogre.

Vanquished Creatures
  2 two-headed ogres
  The ghost of Redear the Grasshopper, a novice OpSk (D:7)
  Maurice (D:8)
  Grinder (D:3)
  A hippogriff (D:9)
  A shadow (D:11)
  The ghost of PipsiMox the Shooter, an amateur BaHu of the Shining One (D:3)
  Edmund (D:4)
  3 orc warriors
  A sky beast (D:7)
  A phantom (D:10)
  3 ogres
  4 centaurs
  Blork the orc (D:5)
  A big kobold (D:4)
  2 bullfrogs
  A crocodile (D:8)
  4 killer bees (D:8)
  A howler monkey (D:4)
  6 crimson imps
  2 bullfrog zombies
  A gnoll shaman (D:7)
  3 hounds
  3 centaur skeletons
  3 jellies
  An orc wizard (D:7)
  2 iguanas
  5 worker ants
  Ijyb (D:4)
  A worker ant zombie (D:7)
  3 gnolls (D:7)
  9 adders
  3 shadow imps
  An ooze (D:7)
  An adder skeleton (D:4)
  An adder zombie (D:4)
  A worm (D:2)
  3 dart slugs
  2 leopard geckos
  14 orcs
  9 giant cockroaches
  9 goblins
  9 hobgoblins
  14 jackals
  5 kobolds
  4 quokkas
  2 ball pythons
  5 bats
  3 frilled lizards
  A leopard gecko zombie (D:5)
  A quokka skeleton (D:7)
  4 rats (D:1)
163 creatures vanquished.

Vanquished Creatures (others)
  A leopard gecko (D:6)
  An orc (D:6)
2 creatures vanquished.

Grand Total: 165 creatures vanquished

Notes
Turn   | Place    | Note
-------+----------+-------------------------------------------
     0 | D:1      | OzoneGrif the Gnoll Skald began the quest for the Orb.
     0 | D:1      | Reached XP level 1. HP: 20/20 MP: 6/6
    56 | D:1      | Reached XP level 2. HP: 22/26 MP: 3/7
   366 | D:1      | Reached XP level 3. HP: 28/31 MP: 9/9
   482 | D:1      | Reached skill level 5 in Spellcasting
  1064 | D:2      | Reached skill level 1 in Invocations
  1347 | D:2      | Found a shattered altar of Ashenzari.
  1537 | D:3      | Reached skill level 1 in Short Blades
  1537 | D:3      | Reached skill level 1 in Long Blades
  1537 | D:3      | Reached skill level 1 in Axes
  1537 | D:3      | Reached skill level 1 in Polearms
  1537 | D:3      | Reached skill level 1 in Staves
  1537 | D:3      | Reached skill level 1 in Slings
  1537 | D:3      | Reached skill level 1 in Bows
  1537 | D:3      | Reached skill level 1 in Crossbows
  1537 | D:3      | Reached skill level 1 in Throwing
  1537 | D:3      | Reached skill level 1 in Stealth
  1537 | D:3      | Reached skill level 1 in Shields
  1537 | D:3      | Reached skill level 1 in Unarmed Combat
  1537 | D:3      | Reached skill level 1 in Evocations
  1545 | D:3      | Noticed PipsiMox's ghost (amateur BaHu)
  1545 | D:3      | Learned a level 2 spell: Song of Slaying
  1631 | D:3      | Reached XP level 4. HP: 38/38 MP: 6/11
  1740 | D:3      | Found a sparkling altar of Nemelex Xobeh.
  1903 | D:3      | Reached skill level 1 in Conjurations
  1903 | D:3      | Reached skill level 1 in Hexes
  1903 | D:3      | Reached skill level 1 in Summonings
  1903 | D:3      | Reached skill level 1 in Necromancy
  1903 | D:3      | Reached skill level 1 in Translocations
  1903 | D:3      | Reached skill level 1 in Transmutations
  1903 | D:3      | Reached skill level 1 in Fire Magic
  1903 | D:3      | Reached skill level 1 in Ice Magic
  1903 | D:3      | Reached skill level 1 in Air Magic
  1903 | D:3      | Reached skill level 1 in Earth Magic
  1903 | D:3      | Reached skill level 1 in Poison Magic
  2431 | D:4      | Reached XP level 5. HP: 41/43 MP: 12/12
  2734 | D:4      | Noticed Ijyb
  2756 | D:4      | Killed Ijyb
  2756 | D:4      | Reached XP level 6. HP: 29/50 MP: 13/13
  2913 | D:4      | Noticed Edmund
  2919 | D:5      | Entered Level 5 of the Dungeon
  2934 | D:5      | Learned a level 2 spell: Shroud of Golubria
  2938 | D:5      | Learned a level 3 spell: Regeneration
  3038 | D:5      | Reached skill level 5 in Fighting
  3038 | D:5      | Reached skill level 5 in Maces & Flails
  3038 | D:5      | Reached skill level 5 in Dodging
  3149 | D:5      | Reached XP level 7. HP: 52/56 MP: 15/15
  3458 | D:5      | Found Xaceam's Book Shoppe.
  3509 | D:5      | Found Osaanos's Elemental Accessories.
  3731 | D:4      | Killed Edmund
  4220 | D:3      | Killed PipsiMox's ghost
  4220 | D:3      | Reached XP level 8. HP: 61/63 MP: 8/16
  4240 | D:3      | Noticed Grinder
  4246 | D:3      | Paralysed by Grinder for 6 turns
  4259 | D:3      | Paralysed by Grinder for 4 turns
  4270 | D:3      | Paralysed by Grinder for 6 turns
  4276 | D:3      | Killed Grinder
  4521 | D:6      | Noticed Blork the orc
  4554 | D:5      | Killed Blork the orc
  4558 | D:5      | Learned a level 2 spell: Searing Ray
  4721 | D:6      | Noticed Terandir's ghost (novice MiFi)
  4749 | D:7      | Found a staircase to the Ecumenical Temple.
  4962 | Temple   | Entered the Ecumenical Temple
  4988 | Temple   | Became a worshipper of Dithmenos the Shadowed
  5144 | D:7      | Found a deep blue altar of Sif Muna.
  5151 | D:7      | Noticed Redear's ghost (novice OpSk)
  5177 | D:7      | Killed Redear's ghost
  5177 | D:7      | Reached XP level 9. HP: 69/69 MP: 4/18
  5344 | D:7      | Found a sacrificial altar of Ru.
  5590 | D:7      | Reached skill level 5 in Armour
  5976 | D:8      | Noticed a two-headed ogre
  5991 | D:8      | Killed a two-headed ogre
  5991 | D:8      | Reached skill level 5 in Invocations
  6075 | D:8      | Reached * piety under Dithmenos
  6085 | D:8      | Reached XP level 10. HP: 71/77 MP: 7/20
  6096 | D:8      | Found Itruecua's Weapon Emporium.
  6194 | D:8      | You fall through a shaft for 3 floors!
  6198 | D:11     | Noticed a kobold demonologist
  6259 | D:11     | Found a sparkling altar of Nemelex Xobeh.
  6374 | D:10     | Entered Level 10 of the Dungeon
  6374 | D:10     | Noticed a two-headed ogre
  6390 | D:10     | Killed a two-headed ogre
  6390 | D:10     | Reached skill level 5 in Short Blades
  6390 | D:10     | Reached skill level 5 in Long Blades
  6390 | D:10     | Reached skill level 5 in Axes
  6390 | D:10     | Reached skill level 5 in Polearms
  6390 | D:10     | Reached skill level 5 in Staves
  6390 | D:10     | Reached skill level 5 in Slings
  6390 | D:10     | Reached skill level 5 in Bows
  6390 | D:10     | Reached skill level 5 in Crossbows
  6390 | D:10     | Reached skill level 5 in Throwing
  6390 | D:10     | Reached skill level 5 in Stealth
  6390 | D:10     | Reached skill level 5 in Shields
  6390 | D:10     | Reached skill level 5 in Unarmed Combat
  6390 | D:10     | Reached skill level 5 in Evocations
  6787 | D:8      | Noticed Maurice
  7011 | D:8      | Killed Maurice
  7207 | D:8      | Noticed a two-headed ogre
  7262 | D:7      | Mangled by an ogre

Skill      XL: |  1  2  3  4  5  6  7  8  9 10 |
---------------+-------------------------------+-----
Spellcasting   | 5 6 7 |  7.4
Invocations    | 1 2 3 4 5 |  5.9
Short Blades   | 1 2 3 4 5 |  5.4
Long Blades    | 1 2 3 4 5 |  5.4
Axes           | 1 2 3 4 5 |  5.4
Polearms       | 1 2 3 4 5 |  5.4
Staves         | 1 2 3 4 5 |  5.4
Slings         | 1 2 3 4 5 |  5.4
Bows           | 1 2 3 4 5 |  5.4
Crossbows      | 1 2 3 4 5 |  5.4
Throwing       | 1 2 3 4 5 |  5.4
Stealth        | 1 2 3 4 5 |  5.4
Shields        | 1 2 3 4 5 |  5.4
Unarmed Combat | 1 2 3 4 5 |  5.4
Evocations     | 1 2 3 4 5 |  5.4
Conjurations   | 1 2 3 4 |  4.4
Hexes          | 1 2 3 4 |  4.4
Summonings     | 1 2 3 4 |  4.4
Necromancy     | 1 2 3 4 |  4.4
Translocations | 1 2 3 4 |  4.4
Transmutations | 1 2 3 4 |  4.4
Fire Magic     | 1 2 3 4 |  4.4
Ice Magic      | 1 2 3 4 |  4.4
Air Magic      | 1 2 3 4 |  4.4
Earth Magic    | 1 2 3 4 |  4.4
Poison Magic   | 1 2 3 4 |  4.4
Armour         | 3 4 5 6 |  6.0
Fighting       | 5 6 7 |  7.1
Maces & Flails | 5 6 7 |  7.1
Dodging        | 5 6 7 |  7.1
Charms         | 6 7 |  7.1

Action                   |  1- 3 |  4- 6 |  7- 9 | 10-12 || total
-------------------------+-------+-------+-------+-------++-------
Melee: Mace              |   100 |   154 |    66 |       ||   320
       Bite              |     8 |    16 |    36 |    12 ||    72
       Punch             |       |     3 |     3 |       ||     6
       Flail             |       |       |   204 |   112 ||   316
 Fire: Blowgun           |       |    50 |       |       ||    50
 Cast: Infusion          |     4 |     4 |    11 |     5 ||    24
       Song of Slaying   |       |     1 |     3 |     1 ||     5
       Shroud of Golubri |       |       |    17 |     9 ||    26
       Regeneration      |       |       |     3 |     4 ||     7
       Searing Ray       |       |       |     8 |     8 ||    16
  Use: Scroll            |     4 |     1 |     3 |     4 ||    12
       Potion            |       |       |     1 |     1 ||     2
 Stab: Sleeping          |     1 |       |     2 |     3 ||     6
  Eat: Chunk             |     2 |     2 |    10 |     4 ||    18
       Ration            |       |     1 |       |       ||     1
Armor: Leather armour    |     9 |       |    99 |    50 ||   158
       Ring mail         |     6 |    42 |    20 |       ||    68
       Chain mail        |       |    56 |       |       ||    56
Dodge: Dodged            |    70 |   118 |   216 |   123 ||   527
Block: Buckler           |       |       |     8 |    43 ||    51
